AoeStats
← w2k8m1w2762

Black Forest

510409601Analyzed
4v4 RM · 1d ago on Sep 30, 2026· 52m 53s· 8 players
Game mode
Random Map
Map size
Large (8 player)
Population
200
Speed
Normal
Resources
Standard
Victory
Conquest
Starting age
Dark Age
Ending age
Imperial Age
RankedLock teamsTeams togetherTeam positionsShared explorationLock speedFull tech treeHidden civsTurbo modeCheats
Victory
Defeat
🇨🇦 Spanish · Canada
1215
+14
🇨🇳 Persians · China
1169
+16
🇨🇳 Turks · China
1164
+16
🇺🇸 Varangians · United States
1099
+20
🇺🇸 Persians · United States
1183
-16
🇵🇦 Khmer · Panama
1183
-17
🇨🇴 Vietnamese · Colombia
1181
-17
🇹🇷 Mongols · Türkiye
1151
-16
iDISMANTLE
10:37 Feudal Age
14:19 Castle Age
12:37 Double-Bit Axe
12:39 Horse Collar
17:00 Loom
22:30 Heavy Plow
22:45 Bow Saw
23:13 Wheelbarrow
23:52 Gold Mining
27:26 Hand Cart
26:57 Town Watch
30:48 Imperial Age
28:20 Stone Mining
29:09 Town Patrol
29:48 Gold Shaft Mining
30:10 Stone Shaft Mining
29:28 Fletching
29:38 Padded Archer Armor
29:51 Fortified Wall
30:04 Ballistics
29:54 Masonry
31:22 Leather Archer Armor
31:03 Bodkin Arrow
31:05 Murder Holes
31:58 Caravan
32:34 Conscription
32:17 Husbandry
32:28 Bloodlines
31:48 Elite Steppe Lancer
32:35 Scale Barding Armor
32:41 Forging
33:33 Chemistry
32:44 Fortified Wall
32:57 Bracer
32:28 Elite Steppe Lancer
33:59 Drill
34:20 Hoardings
35:12 Chain Barding Armor
35:28 Iron Casting
34:59 Siege Engineers
35:11 Onager
35:16 Elite Mangudai
37:05 Parthian Tactics
38:43 Blast Furnace
38:02 Siege Onager
40:04 Heavy Scorpion
42:30 Capped Ram
42:42 Heavy Camel Rider
45:00 Drill
44:33 Siege Ram
47:48 Light Cavalry
49:40 Hussar
Saul carvajal 9
0:58 Loom
11:30 Feudal Age
19:26 Castle Age
22:23 Double-Bit Axe
23:27 Wheelbarrow
30:48 Gold Mining
30:49 Stone Mining
30:55 Horse Collar
31:02 Fishing Lines
35:03 Imperial Age
32:52 Hand Cart
32:24 Town Watch
33:47 Stone Shaft Mining
33:14 Heavy Plow
33:08 Gillnets
33:19 Fletching
33:30 Padded Archer Armor
35:53 Ballistics
35:56 Bodkin Arrow
36:31 Paper Money
37:35 Chemistry
36:43 Bracer
37:09 Elite Rattan Archer
38:16 Leather Archer Armor
40:04 Bow Saw
41:49 Two-Man Saw
41:18 Thumb Ring
40:33 Crossbowman
41:39 Elite Skirmisher
42:58 Crop Rotation
42:50 Siege Engineers
42:57 Masonry
chillysloth
11:38 Feudal Age
15:04 Castle Age
13:19 Double-Bit Axe
13:48 Fishing Lines
16:01 Bow Saw
18:15 Wheelbarrow
19:20 Gold Mining
20:24 Stone Mining
20:43 Gillnets
21:32 Loom
21:38 Town Watch
28:47 Imperial Age
26:45 Scale Barding Armor
26:51 Forging
28:00 Chain Barding Armor
28:11 Bloodlines
28:02 Husbandry
28:25 Horse Collar
28:47 Cavalier
30:41 Plate Barding Armor
31:07 Heavy Scorpion
32:29 Iron Casting
34:14 Chemistry
33:34 Ballistics
34:19 Blast Furnace
34:30 Conscription
35:19 Savar
37:08 Caravan
41:03 Guilds
40:59 Pikeman
41:39 Squires
41:41 Scale Mail Armor
43:05 Halberdier
44:42 Chain Mail Armor
48:34 Plate Mail Armor
49:42 Heavy Plow
50:58 Coinage
York
0:27 Loom
15:00 Feudal Age
19:44 Castle Age
18:21 Double-Bit Axe
20:55 Bow Saw
22:04 Horse Collar
22:34 Fletching
24:29 Wheelbarrow
27:48 Hand Cart
37:31 Heavy Plow
41:01 Imperial Age
39:18 Stone Mining
39:37 Gold Mining
41:04 Stone Shaft Mining
41:08 Gold Shaft Mining
40:55 Ballistics
41:07 Town Watch
41:19 Bodkin Arrow
41:51 Murder Holes
42:13 Caravan
43:03 Bracer
43:58 Siege Engineers
44:04 Masonry
45:03 Chemistry
45:38 Conscription
45:35 Double Crossbow
46:38 Heavy Scorpion
47:51 Architecture
47:35 Town Patrol
50:09 Coinage
elsuum_93
9:21 Loom
13:54 Feudal Age
15:05 Double-Bit Axe
17:58 Castle Age
20:30 Bow Saw
22:13 Horse Collar
23:02 Fishing Lines
25:17 Gillnets
28:23 Gold Mining
30:53 Wheelbarrow
31:20 Caravan
31:45 Stone Mining
32:18 Bloodlines
32:09 Husbandry
32:21 Scale Barding Armor
32:27 Forging
33:01 Hand Cart
32:32 Town Watch
35:52 Imperial Age
33:44 Chain Barding Armor
35:34 Heavy Plow
36:24 Iron Casting
36:10 Cavalier
37:15 Conscription
37:34 Plate Barding Armor
37:51 Coinage
37:47 Paladin
39:41 Blast Furnace
45:06 Two-Man Saw
48:41 Chemistry
50:15 Bombard Tower
HartyHart
14:07 Feudal Age
14:10 Man-at-Arms
16:04 Loom
17:36 Wheelbarrow
21:53 Castle Age
20:37 Double-Bit Axe
22:16 Long Swordsman
24:01 Scale Mail Armor
24:12 Forging
24:37 Gambesons
24:53 Squires
26:01 Chain Mail Armor
35:43 Pikeman
42:54 Imperial Age
42:11 Hand Cart
41:58 Gold Mining
42:21 Bow Saw
42:16 Arson
42:58 Horse Collar
44:16 Elite Varangian Guard
46:01 Iron Casting
46:50 Fishing Lines
47:21 Halberdier
49:19 Plate Mail Armor
49:22 Two-Handed Swordsman
54:14 Two-Man Saw
w2k8m1w2762
1:06 Loom
11:13 Feudal Age
16:24 Castle Age
14:46 Double-Bit Axe
15:00 Horse Collar
15:36 Gold Mining
15:55 Stone Mining
19:14 Wheelbarrow
18:53 Bow Saw
30:12 Imperial Age
28:06 Hand Cart
27:36 Town Watch
28:58 Gold Shaft Mining
28:06 Treadmill Crane
28:47 Ballistics
28:24 Murder Holes
29:50 Masonry
29:33 Fletching
29:53 Forging
29:49 Scale Barding Armor
29:45 Padded Archer Armor
30:29 Bodkin Arrow
32:35 Iron Casting
32:21 Chain Barding Armor
32:33 Architecture
32:26 Bombard Tower
32:17 Artillery
32:40 Conscription
33:25 Elite Janissary
34:19 Bloodlines
34:10 Husbandry
33:31 Heavy Camel Rider
34:55 Leather Archer Armor
35:40 Blast Furnace
37:00 Heavy Plow
39:30 Two-Man Saw
40:03 Arrowslits
40:29 Fortified Wall
40:56 Plate Barding Armor
40:52 Ring Archer Armor
40:23 Bracer
40:28 Squires
40:14 Arson
49:04 Coinage
50:35 Caravan
51:06 Banking
50:47 Guilds
出兵保護我~
1:48 Loom
12:10 Feudal Age
14:12 Double-Bit Axe
17:35 Castle Age
15:50 Horse Collar
18:35 Stone Mining
18:59 Bow Saw
19:40 Heavy Plow
20:46 Fishing Lines
21:47 Gold Mining
24:25 Wheelbarrow
26:48 Gold Shaft Mining
26:20 Scale Barding Armor
31:00 Imperial Age
29:21 Hand Cart
31:05 Gillnets
30:58 Cavalier
31:48 Bloodlines
31:39 Husbandry
33:44 Two-Man Saw
33:20 Ballistics
32:58 Murder Holes
34:04 Chemistry
32:34 Savar
33:30 Forging
34:45 Chain Barding Armor
36:12 Plate Barding Armor
36:52 Iron Casting
39:14 Blast Furnace
40:36 Crop Rotation
40:09 Scale Mail Armor
40:24 Fletching
41:40 Caravan
42:17 Pikeman
42:57 Squires
42:43 Arson
43:14 Chain Mail Armor
44:09 Stone Shaft Mining
44:00 Town Watch
44:28 Masonry
44:38 Ballistics
45:56 Plate Mail Armor
44:59 Halberdier
Connection lost

Rejoining the realm…

Still unreachable

The connection could not be restored.

Session expired

The server has moved on; the page needs a fresh start.